 Dungeon Sprint DCSS version 0.26.1-13-g052cdd8df3 (webtiles) character file.

Game seed: 2765662993149164935

5 alasdair19 the Skirmisher (level 1, -1/22 HPs)
             Began as a Minotaur Fighter on Jan 23, 2022.
             Slain by an orc wizard
             ... wielding a +0 dagger
              (2 damage)
             ... in the Dungeon (Sprint VI: "Thunderdome") on Jan 26, 2022.
             The game lasted 00:01:49 (232 turns).

alasdair19 the Skirmisher (Minotaur Fighter)         Turns: 232, Time: 00:01:49

Health: -1/22      AC:  7    Str: 20    XL:     1   Next: 75%
Magic:  0/0        EV:  7    Int:  5    God:
Gold:   10         SH:  9    Dex:  9    Spells: 0/0 levels left

rFire    . . .     SeeInvis .   a - +0 long sword
rCold    . . .     Faith    .   c - +0 kite shield
rNeg     . . .     Spirit   .   b - +0 scale mail
rPois    .         Reflect  .   (helmet restricted)
rElec    .         Harm     .   (no cloak)
rCorr    .         Rampage  .   (no gloves)
Will     .....     NoTele   +   (no boots)
Stlth    ..........             (no amulet)
HPRegen  0.07/turn              (no ring)
MPRegen  0.07/turn              (no ring)

@: no status effects
A: retaliatory headbutt, horns 2
a: no special abilities


You were in the Dungeon.
You visited 1 branch You collected 10 gold pieces.

Inventory:

Hand Weapons
 a - a +0 long sword (weapon)
Armour
 b - a +0 scale mail (worn)
 c - a +0 kite shield (worn)
Scrolls
 j - a scroll of blinking
Potions
 d - a potion of might
 e - a potion of curing
 f - a potion of heal wounds
 g - a potion of haste
 h - 2 potions of magic
 i - a potion of berserk rage


   Skills:
 + Level 4.3 Fighting
 + Level 2.8 Long Blades
 + Level 4.3 Armour
 + Level 4.3 Shields


You couldn't memorise any spells.
You didn't know any spells.
Your spell library was empty.

Dungeon Overview and Level Annotations

Branches:
Dungeon (1/1)

Altars:
Cheibriados
Dithmenos
Fedhas
Gozag
Kikubaaqudgha
Makhleb
Okawaru
Qazlal
Ru
Sif Muna
Trog
Uskayaw
Vehumet
Wu Jian
Xom
Yredelemnul
Zin
The Shining One
Beogh
Jiyva
Lugonu

Shops:
D *[??*?*:[((!!!!


Innate Abilities, Weirdness & Mutations

You reflexively headbutt those who attack you in melee.
You have a pair of horns on your head.


Message History

You hit the orc. You headbutt the orc.
You kill the orc!
Something hits you but does no damage. Something hits you but does no damage.
Things that are here:
a +0 hand axe; a +0 chain mail; an orc corpse You hear some strange, mumbled words.
A puff of flame appears from out of thin air!
The puff of flame misses you.
A puff of flame appears from out of thin air!
The puff of flame hits you.
* * * LOW HITPOINT WARNING * * *
Something hits you but does no damage.
You miss something. Something hits you.
* * * LOW HITPOINT WARNING * * *
Your shield and scale mail prevent you from hitting something.
Your headbutt misses something. Something hits you but does no damage.
Something hits you but does no damage.
You miss something. Something hits you but does no damage. Something hits you.
You die...

#∩.......)8.# #.8........∩###
............###.............##
.........###...###..........⌠#
.........# #.<.# #..........⌠#
.........###...###..........⌠#
............###.............##
#∩........8.# #.8....†...∩###
##∩___......###......_..∩##
######.8.......@.8.######
#⌠.......{...⌠#
###.....)...### #_......._#
#........_# #_......._#
#∩.......∩# ##∩.....∩##
##.....##


There were no monsters in sight!

Vanquished Creatures
  A leopard gecko (D)
  An orc (D)
  A goblin (D)
  A jackal skeleton (D)
  A rat (D)
5 creatures vanquished.

Notes
Turn   | Place    | Note
-------+----------+-------------------------------------------
     0 | D        | alasdair19 the Minotaur Fighter began the quest for the
                  | Orb.
     0 | D        | Reached XP level 1. HP: 19/19 MP: 0/0
     0 | D        | Found an ornate altar of the Wu Jian Council.
     0 | D        | Found a stormy altar of Qazlal.
     1 | D        | Found a corrupted altar of Lugonu.
     1 | D        | Found a basalt altar of Yredelemnul.
     2 | D        | Found a glowing silver altar of Zin.
     2 | D        | Found a viscous altar of Jiyva.
     3 | D        | Found an ancient bone altar of Kikubaaqudgha.
     3 | D        | Found an opulent altar of Gozag.
     3 | D        | Found Hogisheo's Staff Store.
     3 | D        | Found Ycobree's Magic Scroll Shop.
     4 | D        | Found Giadd's Must-Have Magic.
     4 | D        | Found Vuux's Magic Scroll Shop.
     5 | D        | Round 1.
    17 | D        | Found a shimmering blue altar of Sif Muna.
    22 | D        | Found a roughly hewn altar of Beogh.
    23 | D        | Found a burning altar of Makhleb.
    57 | D        | Found a radiant altar of Vehumet.
    60 | D        | Found Gintizxuzut's Distillery.
    61 | D        | Found a blossoming altar of Fedhas.
    61 | D        | Found Puorcheoss's Do-It-Yourself Clinic.
    62 | D        | Found Viobayxu's Distillery.
    62 | D        | Found Cudowiqo's Bottled Wisdom.
    86 | D        | Found a shadowy altar of Dithmenos.
    88 | D        | Found an iron altar of Okawaru.
    88 | D        | Found a bloodstained altar of Trog.
    90 | D        | Found Toiptoma's Weapon Rack.
    92 | D        | Found a shimmering altar of Xom.
    92 | D        | Found a sacrificial altar of Ru.
    92 | D        | Found Ympufos's Premium Goods.
    94 | D        | Found Ogawaal's Basic Armour.
    94 | D        | Found Iveyn's Miscellaneous Merchandise.
   170 | D        | Found Nennin's Jewellery.
   170 | D        | Found Sezxayll's Advanced Armour.
   176 | D        | Arena points: 5 (+5) [x1]
   178 | D        | Found Byprinau's Identification Station.
   178 | D        | Found a snail-covered altar of Cheibriados.
   178 | D        | Found a hide-covered altar of Uskayaw.
   178 | D        | Found a glowing golden altar of the Shining One.
   191 | D        | Round 2.
   196 | D        | Noticed an orc wizard
   229 | D        | HP: 1/22 [something (3)]
   232 | D        | Slain by an orc wizard

Illustrated notes

Levels and vault maps discovered:
D:        arena_sprint

Skill      XL: |  1 |
---------------+----+-----
Fighting       | 4 |  4.3
Armour         | 4 |  4.3
Shields        | 4 |  4.3
Long Blades    | |  2.8

Action                   || total
-------------------------++-------
Melee: Long sword        ||    15
       Headbutt          ||     4
Armor: Scale mail        ||    10
Dodge: Dodged            ||     4
Block: Kite shield       ||     8
